 Dungeon Crawl Stone Soup version 0.31.0-12-g77e489cdc1 (webtiles) character file.

Game seed: 844272622820163715

37006 Silvore the Bludgeoner (level 13, -7/117 HPs)
             Began as a Minotaur Fighter on Feb 28, 2024.
             Was a High Priest of the Shining One.
             Shot with an arrow by a deep elf archer (15 damage)
             ... on level 13 of the Dungeon.
             The game lasted 00:16:31 (13782 turns).

Silvore the Bludgeoner (Minotaur Fighter)          Turns: 13782, Time: 00:16:32

Health: -7/117     AC: 21    Str: 26    XL:     13   Next: 56%
Magic:  13/13      EV:  8    Int:  5    God:    the Shining One [*****.]
Gold:   655        SH:  8    Dex: 10    Spells: 12/12 levels left

rFire   . . .        M - +0 morningstar
rCold   . . .        c - +2 buckler
rNeg    + + .        N - +2 plate armour {rPois}
rPois   +            (helmet restricted)
rElec   .            s - +0 cloak
rCorr   +            (no gloves)
SInv    .            h - +0 pair of boots
Will    +....        (no amulet)
Stlth   x              - ring of willpower
HPRegen 0.39/turn    v - ring of resist corrosion
MPRegen 0.13/turn

%: no passive effects
@: mighty, slowed, glowing, very slow
A: horns 2, retaliatory headbutt
a: Renounce Religion, Divine Shield, Cleansing Flame, Summon Divine Warrior


You were on level 13 of the Dungeon.
You worshipped the Shining One.
The Shining One was extremely pleased with you.
You visited 2 branches of the dungeon, and saw 14 of its levels.
You also visited: Sewer.

You collected 933 gold pieces.
You donated 278 gold pieces to Zin.

Inventory:

Hand Weapons
 a - a +0 flail
 m - a +1 mace
 M - a +0 morningstar (weapon)
Missiles
 K - a throwing net (quivered)
Armour
 b - a +0 scale mail
 c - a +2 buckler (worn)
 g - a +0 chain mail
 h - a +0 pair of boots (worn)
 s - a +0 cloak (worn)
 B - a +0 plate armour
 N - a +2 plate armour of poison resistance (worn)
Jewellery
 v - a ring of resist corrosion (right hand)
 x - a ring of willpower (left hand)
 A - a ring of fire
 H - a ring of wizardry
 I - the ring of Jetounk {rCorr MP+9}
   (You found it on level 10 of the Dungeon)

   [ring of magical power]

   MP+9:      It affects your magic capacity (+9).
   rCorr:     It protects you from acid and corrosion.
 O - an amulet of guardian spirit
Wands
 k - a wand of iceblast (6)
 y - a wand of paralysis (14)
 D - a wand of flame (23)
 F - a wand of polymorph (5)
Scrolls
 n - a scroll of torment
 o - 6 scrolls of teleportation
 q - 2 scrolls of revelation
 u - 3 scrolls of fog
 z - 6 scrolls of amnesia
 C - 2 scrolls of poison
 G - a scroll of vulnerability
Potions
 d - a potion of might
 e - 2 potions of resistance
 f - 6 potions of haste
 i - a potion of degeneration
 j - 3 potions of magic
 l - 6 potions of curing
 p - 2 potions of brilliance
 r - 2 potions of enlightenment
 t - a potion of ambrosia
 w - a potion of mutation
 E - 2 potions of attraction
 L - 2 potions of lignification {unknown}


   Skills:
 + Level 11.8 Fighting
 + Level 16.3 Maces & Flails
 + Level 14.5 Armour
 + Level 3.1 Dodging
 + Level 4.0 Stealth
 + Level 10.7 Shields
 + Level 1.8 Invocations


You had 12 spell levels left.
You didn't know any spells.
Your spell library contained the following spells:

 Spells                   Type           Power      Damage    Failure   Level
 Ensorcelled Hibernation  Hex/Ice        0%         N/A       99%         2
 Frozen Ramparts          Ice            0%         1d1       100%        3
 Fugue of the Fallen      Necr           0%         N/A       100%        3
 Anguish                  Hex/Necr       0%         N/A       100%        4
 Leda's Liquefaction      Alch/Erth      0%         N/A       100%        4
 Martyr's Knell           Necr/Summ      0%         N/A       100%        4
 Petrify                  Alch/Erth      0%         N/A       100%        4
 Alistair's Intoxication  Alch           0%         N/A       100%        5
 Metabolic Englaciation   Hex/Ice        0%         N/A       100%        5
 Sculpt Simulacrum        Ice/Alch       0%         N/A       100%        6


Dungeon Overview and Level Annotations

Branches:
Dungeon (13/15)            Temple (1/1) D:4            Lair (0/5) D:11
    Orc (0/2) D:9           Sewer (visited)
 Vaults: D:13-14

Altars:
Ashenzari
Cheibriados
Dithmenos
Elyvilon
Fedhas
Gozag
Hepliaklqana
Kikubaaqudgha
Makhleb
Nemelex Xobeh
Okawaru
Qazlal
Ru
Sif Muna
Trog
Uskayaw
Vehumet
Wu Jian
Xom
Yredelemnul
Zin
The Shining One

Shops:
D:12 [

Annotations:
D:9 2 transporters, spaghetti's ghost, novice NaHu


Innate Abilities, Weirdness & Mutations

You have a pair of horns on your head.
You reflexively headbutt those who attack you in melee.


Message History

You puncture the yaktaur!
The yaktaur is almost dead.
The yaktaur barely misses you. The deep elf archer barely misses you.
You barely miss the deep elf archer.
Your headbutt misses the deep elf archer.
The yaktaur hits you but does no damage.
You bludgeon the yaktaur!!
You kill the yaktaur!
The deep elf archer hits you but does no damage.
You completely miss the deep elf archer.
You block the deep elf archer's attack.
You completely miss the deep elf archer.
You bludgeon the deep elf archer!!
Your headbutt misses the deep elf archer.
The deep elf archer is severely wounded.
You block the deep elf archer's attack.
You barely miss the deep elf archer.
The deep elf archer is heavily wounded.
The deep elf archer mumbles some strange words.
The deep elf archer blinks!
The deep elf archer gestures at you while chanting.
You resist with almost no effort.
You see here a staff of conjuration.
The deep elf archer unwields a +0 dagger.
The deep elf archer wields a +0 shortbow.
The deep elf archer shoots an arrow.
The arrow hits you.
* * * LOW HITPOINT WARNING * * *
Items here: )) [ †.
The deep elf archer shoots an arrow.
You block the arrow.
The deep elf archer gestures at you while chanting.
You feel yourself slow down.
The deep elf archer gestures wildly while chanting.
The deep elf archer blinks!
The deep elf archer shoots an arrow.
The arrow hits you.
* * * LOW HITPOINT WARNING * * *
The deep elf archer shoots an arrow.
The arrow closely misses you.
The deep elf archer shoots an arrow.
The arrow hits you.
* * * LOW HITPOINT WARNING * * *
The deep elf archer shoots an arrow.
The arrow hits you!
You die...

#####.### #.# ##.#
#..# #.## #####'#####
##+#### ..........#
#.....# ..........#
#.....# ..........#
#@....#
..........######.....#
..........'...$))e...+
..........######|....#
###'####### ####'##
#..## #...# ##..#
#..## ##.# #.e#
#####.##### #Oc#


You could see a deep elf archer (repels missiles).

Vanquished Creatures
  Frances (D:13)
  3 two-headed ogres
  A centaur warrior (D:13)
  A tengu warrior (D:13)
  The ghost of Cheops the Martial Artist, a novice OpSh of Uskayaw (D:7)
  3 deep elf pyromancers (D:13)
  An orc knight (D:13)
  A manticore (D:12)
  Maurice (D:12)
  2 cyclopes (D:12)
  4 ugly things
  A cane toad (shapeshifter) (D:13)
  Jeremiah (D:8)
  2 yaktaurs (D:13)
  An efreet (D:13)
  2 kobold demonologists (D:9)
  Psyche (D:9)
  6 trolls
  A polar bear (D:10)
  A hornet (D:10)
  A centaur simulacrum (D:10)
  2 wraiths (D:9)
  2 wyverns
  34 yaks
  A steam dragon (D:8)
  5 vampire mosquitoes (D:12)
  2 acid dragons
  A water moccasin (D:7)
  Pargi (Sewer)
  7 orc warriors
  A sky beast (D:7)
  4 ice beasts
  A black bear (D:6)
  3 ogres
  A centaur (D:9)
  2 phantoms
  A kobold brigand (D:9)
  A brain worm (Sewer)
  7 bullfrogs
  A gnoll sergeant (D:13)
  9 scorpions
  11 wights
  6 killer bees (D:9)
  A howler monkey (D:4)
  A bombardier beetle (D:6)
  3 jellies
  5 hounds
  7 orc priests
  A gnoll bouda (D:6)
  A sleepcap (D:7)
  6 iguanas
  10 orc wizards
  Robin (D:2)
  8 gnolls
  9 adders
  A shadow imp (D:7)
  3 white imps
  A howler monkey simulacrum (D:10)
  2 ufetubi (D:6)
  3 ribbon worms (D:3)
  4 dart slugs
  48 orcs
  6 bats
  15 endoplasms
  4 giant cockroaches
  21 goblins
  6 hobgoblins
  2 jackals (D:5)
  2 quokkas
  14 ball pythons
  6 frilled lizards
  11 kobolds
  8 rats
349 creatures vanquished.

Notes
Turn   | Place    | Note
-------+----------+-------------------------------------------
     0 | D:1      | Silvore the Minotaur Fighter began the quest for the Orb.
     0 | D:1      | Reached XP level 1. HP: 19/19 MP: 0/0
    79 | D:1      | Reached XP level 2. HP: 27/27 MP: 1/1
   363 | D:1      | Reached skill level 3 in Maces & Flails
   469 | D:1      | Reached XP level 3. HP: 33/33 MP: 2/2
  1179 | D:2      | Noticed Robin
  1197 | D:2      | Killed Robin
  1198 | D:2      | Reached XP level 4. HP: 22/41 MP: 3/3
  1747 | D:3      | Reached skill level 4 in Maces & Flails
  1766 | D:3      | Reached XP level 5. HP: 39/47 MP: 4/4
  1768 | D:3      | Found a glowing drain.
  1803 | Sewer    | Entered a sewer
  1818 | Sewer    | Reached skill level 5 in Maces & Flails
  1824 | Sewer    | Noticed Pargi
  1832 | Sewer    | Killed Pargi
  1833 | Sewer    | Reached skill level 5 in Armour
  1833 | Sewer    | Reached XP level 6. HP: 41/55 MP: 5/5
  2124 | D:3      | Found a glowing golden altar of the Shining One.
  2181 | D:3      | Reached skill level 5 in Fighting
  2569 | D:3      | Found an opulent altar of Gozag.
  2570 | D:3      | Found a shadowy altar of Dithmenos.
  2571 | D:3      | Found an ancient bone altar of Kikubaaqudgha.
  2843 | D:4      | Reached skill level 6 in Maces & Flails
  2986 | D:4      | Found a staircase to the Ecumenical Temple.
  3017 | Temple   | Entered the Ecumenical Temple
  3029 | Temple   | Became a worshipper of Zin the Law-Giver
  3029 | Temple   | Reached * piety under Zin
  3172 | D:4      | Reached XP level 7. HP: 57/61 MP: 6/6
  3177 | D:4      | Reached skill level 1 in Dodging
  3365 | D:4      | Reached skill level 7 in Maces & Flails
  3519 | D:4      | Donated 78 gold pieces to Zin
  3751 | D:5      | Entered Level 5 of the Dungeon
  4020 | D:4      | Reached XP level 8. HP: 22/70 MP: 7/7
  4180 | D:5      | Reached skill level 8 in Maces & Flails
  4332 | D:5      | Reached ** piety under Zin
  4465 | D:5      | Found a sparkling altar of Nemelex Xobeh.
  4595 | D:5      | Donated 91 gold pieces to Zin
  4611 | D:6      | Reached *** piety under Zin
  4632 | D:6      | Reached skill level 5 in Shields
  4753 | D:6      | Reached skill level 1 in Invocations
  4759 | D:6      | Reached skill level 9 in Maces & Flails
  5126 | D:6      | Reached skill level 1 in Stealth
  5186 | D:6      | Reached XP level 9. HP: 73/78 MP: 8/8
  5463 | D:6      | Got the Tome of Reconfiguration and the Flock
  5839 | D:6      | Donated 72 gold pieces to Zin
  5900 | D:7      | Reached skill level 10 in Maces & Flails
  6082 | D:7      | Found a bloodstained altar of Trog.
  6316 | D:7      | Found a runed translucent door.
  6339 | D:7      | Reached **** piety under Zin
  6381 | D:7      | Noticed Cheops's ghost (novice OpSh)
  6567 | D:7      | Reached skill level 11 in Maces & Flails
  6918 | D:3      | Fell from the grace of Zin
  6918 | D:3      | Became a worshipper of the Shining One
  6918 | D:3      | Reached * piety under the Shining One
  6918 | D:3      | Reached ** piety under the Shining One
  7047 | D:7      | Killed Cheops's ghost
  7160 | D:8      | Reached XP level 10. HP: 64/86 MP: 10/10
  7334 | D:8      | Noticed Jeremiah
  7356 | D:8      | Killed Jeremiah
  7363 | D:8      | Reached skill level 10 in Armour
  7365 | D:8      | Reached skill level 12 in Maces & Flails
  8267 | D:9      | Found a broken altar of Ashenzari.
  8330 | D:9      | Found a staircase to the Orcish Mines.
  8864 | D:9      | Reached *** piety under the Shining One
  8868 | D:9      | Noticed a soul eater
  8878 | D:9      | Noticed an orange demon
  8881 | D:9      | Reached skill level 13 in Maces & Flails
  8884 | D:9      | Noticed a rust devil
  8885 | D:9      | Noticed a sixfirhy
  8891 | D:9      | Noticed a smoke demon
  9181 | D:9      | Reached XP level 11. HP: 97/97 MP: 11/11
  9191 | D:9      | Noticed Psyche
  9198 | D:9      | Killed Psyche
  9255 | D:9      | Noticed spaghetti's ghost (novice NaHu)
  9274 | D:9      | Found an ornate altar of the Wu Jian Council.
  9320 | D:9      | Found a transporter.
  9322 | D:9      | Found a transporter.
  9525 | D:10     | Entered Level 10 of the Dungeon
 10220 | D:10     | Noticed a brown ugly thing
 10241 | D:10     | Killed a brown ugly thing
 10454 | D:10     | Identified the ring of Jetounk {rCorr MP+9}
 10493 | D:10     | Reached skill level 14 in Maces & Flails
 10596 | D:10     | Reached **** piety under the Shining One
 11186 | D:11     | Found a staircase to the Lair.
 11449 | D:11     | Reached skill level 10 in Fighting
 11708 | D:12     | Found Ciaguses's Armour Emporium.
 11867 | D:12     | Noticed Maurice
 11874 | D:12     | Maurice stole a ring of wizardry
 11879 | D:12     | Killed Maurice
 12023 | D:12     | Reached XP level 12. HP: 106/106 MP: 12/12
 12234 | D:12     | Noticed a two-headed ogre
 12245 | D:12     | Killed a two-headed ogre
 12246 | D:12     | Reached skill level 15 in Maces & Flails
 12663 | D:12     | Reached skill level 10 in Shields
 12663 | D:12     | Reached XP level 13. HP: 116/116 MP: 13/13
 13441 | D:13     | Noticed Frances
 13453 | D:13     | Killed Frances
 13454 | D:13     | Reached skill level 16 in Maces & Flails
 13721 | D:13     | Reached ***** piety under the Shining One
 13782 | D:13     | Shot with an arrow by a deep elf archer

Illustrated notes

Levels and vault maps discovered:
D:1:      dpeg_arrival_long_road, layout_rooms, minmay_split_cup_large
D:2:      layout_basic, kennysheep_generic_room_3, uniq_robin
D:3:      layout_loops_corners, gammafunk_temple_overflow_forgotten,
          mainiacjoe_overflow_catwalk, gup_sewer_entry_glass,
          corexii_leaking_fountain, minmay_misc_feat_nine_boxes,
          kennysheep_generic_room_15
D:4:      layout_loops_ring, minmay_temple_entry_slanted
D:5:      layout_rooms, amcnicky_altar_gilded
D:6:      layout_loops_corners, hangedman_decor_clover_reticule
D:7:      layout_loops_ring, lightli_temple_of_fire,
          hellmonk_ghost_happy_afterlife
D:8:      layout_layer_cave, uniq_jeremiah
D:9:      layout_roguey [special_room_orc], ashenzari_conservatory_becter,
          kennysheep_mini_moat, orc_0_dummy, gammafunk_ghost_hive,
          minmay_fractal_squares_5, uniq_psyche
D:10:     layout_basic, serial_ice, serial_ice_f, serial_ice_l, serial_ice_d,
          serial_ice_g, serial_ice_e
D:11:     layout_basic, lair_entry_dummy
D:12:     layout_roguey, serial_shops, nicolae_shop_just_a_little_nook,
          uniq_maurice
D:13:     layout_roguey, hangedman_vaults_entry_quadrant_bands, serial_shops,
          nicolae_shop_trees, uniq_sonja, uniq_frances
Temple:   nicolae_temple_bog_church

Skill      XL: |  1  2  3  4  5  6  7  8  9 10 11 12 13 |
---------------+----------------------------------------+-----
Shields        | 4 5 6 7 8 10 | 10.7
Maces & Flails | 3 4 5 6 7 9 11 13 14 15 16 | 16.3
Fighting       | 4 5 6 7 9 10 11 | 11.8
Armour         | 4 5 6 8 9 11 12 13 14 | 14.5
Dodging        | 1 2 3 |  3.1
Invocations    | 1 |  1.8
Stealth        | 1 2 4 |  4.0

Action                     |  1- 3 |  4- 6 |  7- 9 | 10-12 | 13-15 || total
---------------------------+-------+-------+-------+-------+-------++-------
  Melee: Flail             |    99 |   160 |   282 |     6 |       ||   547
         Headbutt          |    13 |    24 |    50 |   155 |    31 ||   273
         Mace              |       |       |       |   406 |       ||   406
         Morningstar       |       |       |       |   115 |   105 ||   220
 Invoke: Recite            |       |       |     3 |       |       ||     3
         Donate Gold       |       |       |     3 |       |       ||     3
         Divine Shield     |       |       |       |     1 |       ||     1
    Use: Scroll            |     2 |     5 |    11 |    10 |       ||    28
         Potion            |       |       |     1 |     4 |     3 ||     8
 Armour: Scale mail        |    14 |       |       |       |       ||    14
         Chain mail        |    66 |   140 |   133 |       |       ||   339
         Plate armour      |       |       |   117 |   354 |   103 ||   574
  Dodge: Dodged            |    31 |    78 |    84 |   166 |    34 ||   393
  Block: Buckler           |    20 |    38 |   102 |   180 |    34 ||   374
